 Dungeon Crawl Stone Soup version 0.31-a0-263-ge8cad7f256 (webtiles) character file.

Game seed: 7849297499772862140

10595 qw the Skirmisher (level 11, -4/71 HPs)
             Began as a Gargoyle Hexslinger on July 13, 2023.
             Was a Priest of Okawaru.
             Slain by a cane toad (9 damage)
             ... on level 1 of the Lair of Beasts.
             The game lasted 00:04:17 (7791 turns).

qw the Skirmisher (Gargoyle Hexslinger)             Turns: 7791, Time: 00:04:18

Health: -4/71      AC: 16    Str: 18    XL:     11   Next: 64%
Magic:  12/14      EV: 18    Int: 13    God:    Okawaru [***...]
Gold:   698        SH:  0    Dex: 19    Spells: 11/12 levels left

rFire   + . .        Y - +0 orcbow (freeze)
rCold   + + .        (shield currently unavailable)
rNeg    + . .        b - +0 robe of the Haunted Jabberwock {Regen+ Dex+3 SInv}
rPois   inf          (no helmet)
rElec   +            h - scarf {rC+ rF+}
rCorr   +            c - +2 pair of gloves of the Dropbear {Str+5}
SInv    +            p - +1 pair of boots
Will    +....        s - amulet "Loapt" {Acrobat rElec Will+}
Stlth   +++          e - ring of protection from cold
HPRegen 1.11/turn    f - ring of resist corrosion
MPRegen 0.14/turn

%: acrobat
@: heroic
A: sickness immunity, AC +8, negative energy resistance 1, electricity
resistance, torment resistance 1, petrification resistance
a: Renounce Religion, Heroism


You were on level 1 of the Lair of Beasts.
You worshipped Okawaru.
Okawaru was most pleased with you.
You visited 3 branches of the dungeon, and saw 11 of its levels.

You collected 698 gold pieces.


Innate Abilities, Weirdness & Mutations

You are immune to sickness and miasma.
Your stone body is resilient. (AC +8)
You are immune to poison.
You resist negative energy. (rN+)
You are resistant to electric shocks. (rElec)
You are resistant to unholy torment.
You are immune to petrification.


   Skills:
 + Level 9.3(14.3) Fighting
 - Level 14.0(19.0) Ranged Weapons
 - Level 3.2(8.2) Armour
 - Level 5.0(10.0) Dodging
 - Level 1.0 Spellcasting
 - Level 2.6 Hexes
 + Level 4.2 Invocations


You had 11 spell levels left.
You knew the following spells:

 Your Spells              Type           Power      Damage    Failure   Level
a - Slow                  Hex            28%        N/A       10%         1

Your spell library contained the following spells:

 Spells                   Type           Power      Damage    Failure   Level
 Inner Flame              Hex/Fire       4%         N/A       43%         3
 Portal Projectile        Hex/Tloc       8%         N/A       43%         3
 Cause Fear               Hex            3%         N/A       67%         4

Inventory:

Hand Weapons
 Y - a +0 orcbow of freezing (weapon)
Armour
 b - the +0 robe of the Haunted Jabberwock (worn) {Regen+ Dex+3 SInv}
   (You found it on level 2 of the Dungeon)

   Dex:       It affects your dexterity (+3).
   SInv:      It lets you see invisible.
   Regen:     It increases your rate of health regeneration.
 c - the +2 pair of gloves of the Dropbear (worn) {Str+5}
   (You acquired it on level 5 of the Dungeon)

   Str:       It affects your strength (+5).
 h - a scarf of resistance (worn)
 j - a +0 cloak
 p - a +1 pair of boots (worn)
Jewellery
 e - a ring of protection from cold (left hand)
 f - a ring of resist corrosion (right hand)
 g - a ring of ice
 o - a ring of positive energy
 q - a ring of positive energy
 s - the amulet "Loapt" (around neck) {Acrobat rElec Will+}
   (You acquired it on level 9 of the Dungeon)

   [amulet of the acrobat]

   It increases your evasion while moving and waiting.
   rElec:     It insulates you from electricity.
   Will:      It increases your willpower.
Scrolls
 k - a scroll of identify
Potions
 a - a potion of enlightenment
 i - 2 potions of resistance
 l - 2 potions of haste
 n - a potion of curing {unknown}
 r - a potion of might {unknown}

Dungeon Overview and Level Annotations

Branches:
Dungeon (9/15)             Temple (1/1) D:6            Lair (1/5) D:9
    Orc: D:9-12

Altars:
Ashenzari
Cheibriados
Dithmenos
Elyvilon
Fedhas
Gozag
Hepliaklqana
Kikubaaqudgha
Makhleb
Nemelex Xobeh
Okawaru
Qazlal
Ru
Sif Muna
Trog
Uskayaw
Vehumet
Wu Jian
Xom
Yredelemnul
Zin
The Shining One

Annotations:
D:4 3 runed translucent doors, qw's ghost, amateur GrHs


Message History

The black mamba barely misses you.
You shoot an arrow. The arrow hits the black mamba.
The black mamba seems to slow down.
The arrow freezes the black mamba.
The black mamba is lightly wounded.
The cane toad barely misses you. The black mamba bites you!
The polar bear completely misses you.
The polar bear claws you but does no damage.
The polar bear barely misses you. The yak misses you.
You shoot an arrow.
The arrow closely misses the black mamba.
The water moccasin misses you. The cane toad barely misses you.
The black mamba bites you but does no damage.
The polar bear misses you. The polar bear closely misses you.
The polar bear barely misses you. The yak gores you but does no damage.
You shoot an arrow.
The arrow hits the black mamba but does no damage.
The black mamba is lightly wounded.
The black mamba is no longer moving slowly.
The water moccasin misses you. The cane toad stings you!
The black mamba barely misses you.
You shoot an arrow.
The arrow barely misses the black mamba.
The water moccasin misses you.
The polar bear bites you but does no damage.
The polar bear misses you. The polar bear closely misses you.
The yak completely misses you. The black mamba closely misses you.
The cane toad stings you but does no damage.
You shoot an arrow.
The arrow closely misses the black mamba.
You feel like a meek peon again.
The water moccasin bites you but does no damage.
The black mamba completely misses you.
The polar bear bites you but does no damage.
The polar bear misses you. x2; The yak barely misses you.
7791 ||| INVOKING Heroism.
You gain the combat prowess of a mighty hero.
You can no longer speed up your combat.
The black mamba closely misses you. The water moccasin bites you.
The cane toad stings you!
You die...

##........#### #
###.########P# ###..##
##.. ......#### #..#
.......#.## #..##
...##....P# #...##
...#.#....###...P#
#####.##P...##.hY##
##....###..#.#F@S##
##.....# #....###S....#
#..#....###...###.......
...##...# #....#.#......
........# ##............
.......## #............
.#......# #............
###.....####............
###.................


You could see a polar bear, a black mamba, a yak, a cane toad and a water
moccasin.

Vanquished Creatures
  A two-headed ogre (D:9)
  A death yak (D:9)
  An elephant (D:9)
  3 cane toads (Lair:1)
  A rime drake (Lair:1)
  A komodo dragon (Lair:1)
  A polar bear (Lair:1)
  Sigmund (D:6)
  A vampire (D:9)
  2 wyverns
  A wraith (D:9)
  Eustachio (D:6)
  A basilisk (D:9)
  17 yaks
  A steam dragon (D:6)
  Menkaure (D:6)
  A water moccasin (D:4)
  2 ice beasts
  A sky beast (D:8)
  5 black bears
  4 centaurs
  2 phantoms
  2 kobold brigands
  A bullfrog (D:8)
  5 scorpions
  15 killer bees
  4 howler monkeys
  7 orc priests
  4 hounds
  2 jellies
  2 gnoll boudas
  5 iguanas
  3 sleepcaps
  Natasha (twice) (D:3)
  6 orc wizards
  6 adders
  8 gnolls (D:8)
  A shadow imp (D:7)
  2 white imps
  An ufetubus (D:6)
  4 dart slugs
  25 orcs
  5 ball pythons
  4 endoplasms
  3 giant cockroaches
  9 goblins
  8 hobgoblins
  7 jackals
  5 quokkas
  3 bats
  A frilled lizard (D:1)
  11 kobolds
  6 rats
217 creatures vanquished.

Notes
Turn   | Place    | Note
-------+----------+-------------------------------------------
     0 | D:1      | qw the Gargoyle Hexslinger began the quest for the Orb.
     0 | D:1      | Reached XP level 1. HP: 12/12 MP: 2/2
     0 | D:1      | 0 ||| qw: Version: 0.3-a-52-g30416fa
     0 | D:1      | 0 ||| qw: Game counter: 7224
     0 | D:1      | 0 ||| qw: Melee chars always use a shield: true
     0 | D:1      | 0 ||| qw: God list: Okawaru
     0 | D:1      | 0 ||| qw: Allow faded altars: false
     0 | D:1      | 0 ||| qw: Do Orc after clearing Dungeon:15 true
     0 | D:1      | 0 ||| qw: Do second Lair branch before Depths: true
     0 | D:1      | 0 ||| qw: Lair rune preference: random
     0 | D:1      | 0 ||| qw: Goals: Normal
     0 | D:1      | 0 ||| PLANNING D:1-11
   114 | D:1      | Reached XP level 2. HP: 16/16 MP: 3/3
   181 | D:1      | Reached skill level 3 in Ranged Weapons
   507 | D:1      | Reached XP level 3. HP: 21/21 MP: 4/4
   610 | D:1      | 610 ||| UPGRADING to +2 pair of gloves.
   615 | D:1      | 615 ||| UPGRADING to scarf of resistance.
   620 | D:1      | 620 ||| UPGRADING to +0 ring mail.
   630 | D:1      | 630 ||| DROPPING +0 robe.
   631 | D:1      | 631 ||| READING scroll labelled MOOTTYAGOM.
   632 | D:1      | 632 ||| READING scroll labelled USAUDWEZIKH.
   633 | D:1      | 633 ||| DROPPING scroll of poison.
   647 | D:2      | 647 ||| FLEEEEING.
   649 | D:2      | 649 ||| STAIRDANCE
   719 | D:2      | Noticed a phantom
   737 | D:2      | Killed a phantom
   738 | D:2      | Reached skill level 3 in Armour
   738 | D:2      | Reached XP level 4. HP: 26/26 MP: 5/5
   738 | D:2      | Identified the +0 robe of the Haunted Jabberwock {Regen+
                  | Dex+3 SInv}
   771 | D:2      | 771 ||| UPGRADING to +0 robe of the Haunted Jabberwock
                  | {Regen+ Dex+3 SInv}.
   776 | D:2      | 776 ||| UPGRADING to +0 robe of the Haunted Jabberwock
                  | {Regen+ Dex+3 SInv}.
   797 | D:2      | 797 ||| DROPPING +0 ring mail.
   798 | D:2      | 798 ||| READING scroll labelled ONAIH VAUF.
   834 | D:2      | 834 ||| Stepping ~*~*~tactically~*~*~ (outnumbered).
   888 | D:2      | 888 ||| READING scroll labelled IZXEING ZADUP.
   892 | D:2      | Reached XP level 5. HP: 30/30 MP: 6/6
  1137 | D:2      | 1137 ||| UPGRADING to ring of protection from cold.
  1138 | D:2      | 1138 ||| READING scroll labelled RAOLLUSCHED.
  1139 | D:2      | 1139 ||| READING scroll labelled ARIFUEKEMP.
  1177 | D:3      | Found a faded altar of an unknown god.
  1245 | D:3      | Found a hazy altar of Hepliaklqana.
  1351 | D:3      | Reached skill level 4 in Ranged Weapons
  1633 | D:3      | Noticed Natasha
  1635 | D:3      | 1635 ||| Stepping ~*~*~tactically~*~*~ (outnumbered).
  1636 | D:3      | 1636 ||| Stepping ~*~*~tactically~*~*~ (outnumbered).
  1639 | D:3      | 1639 ||| Stepping ~*~*~tactically~*~*~ (outnumbered).
  1644 | D:3      | Killed Natasha
  1850 | D:3      | Noticed Natasha
  1854 | D:3      | Killed Natasha
  1877 | D:3      | 1877 ||| FLEEEEING.
  1878 | D:3      | 1878 ||| FLEEEEING.
  1879 | D:3      | 1879 ||| STAIRDANCE
  1981 | D:2      | 1981 ||| UPGRADING to ring of positive energy.
  1982 | D:2      | 1982 ||| DRINKING 2 amethyst potions.
  2053 | D:4      | Reached skill level 5 in Ranged Weapons
  2053 | D:4      | Reached XP level 6. HP: 34/35 MP: 7/7
  2115 | D:4      | Found an ornate altar of the Wu Jian Council.
  2115 | D:4      | Found a basalt altar of Yredelemnul.
  2115 | D:4      | Found a radiant altar of Vehumet.
  2149 | D:4      | Reached skill level 3 in Fighting
  2195 | D:4      | Found a runed translucent gate.
  2195 | D:4      | Found a runed translucent gate.
  2195 | D:4      | Found a runed translucent gate.
  2202 | D:4      | Noticed qw's ghost (amateur GrHs)
  2316 | D:4      | Noticed a black bear
  2331 | D:4      | Killed a black bear
  2646 | D:4      | 2646 ||| READING scroll labelled IMORPH PAOHE.
  2647 | D:4      | 2647 ||| READING scroll labelled PENEDD OPHICW.
  2648 | D:4      | 2648 ||| READING 3 scrolls of identify.
  2648 | D:4      | 2648 ||| IDENTIFYING white potion
  2649 | D:4      | 2649 ||| READING 2 scrolls of identify.
  2649 | D:4      | 2649 ||| IDENTIFYING pink potion
  2650 | D:4      | 2650 ||| DROPPING potion of degeneration.
  2683 | D:5      | Entered Level 5 of the Dungeon
  2683 | D:5      | Noticed a water moccasin
  2690 | D:5      | 2690 ||| STAIRDANCE
  2696 | D:4      | Killed a water moccasin
  2697 | D:4      | Reached skill level 6 in Ranged Weapons
  2697 | D:4      | Reached XP level 7. HP: 41/41 MP: 8/8
  2959 | D:5      | Reached skill level 7 in Ranged Weapons
  3109 | D:5      | Noticed a yak
  3120 | D:5      | Killed a yak
  3121 | D:5      | Reached XP level 8. HP: 38/48 MP: 9/9
  3184 | D:5      | Noticed a yak
  3185 | D:5      | Noticed a yak
  3194 | D:5      | HP: 9/48 [yak (5)]
  3195 | D:5      | 3195 ||| DRINKING potion of heal wounds.
  3197 | D:5      | Killed a yak
  3198 | D:5      | Reached skill level 8 in Ranged Weapons
  3212 | D:5      | HP: 11/48 [yak (8)]
  3218 | D:5      | Killed a yak
  3330 | D:5      | Found a shimmering altar of Xom.
  3397 | D:5      | Noticed a wyvern
  3407 | D:5      | Killed a wyvern
  3408 | D:5      | Reached skill level 9 in Ranged Weapons
  3461 | D:5      | Reached XP level 9. HP: 55/55 MP: 10/10
  3814 | D:5      | Found an opulent altar of Gozag.
  3815 | D:5      | Found a glowing silver altar of Zin.
  4175 | D:5      | 4175 ||| UPGRADING to +0 pair of boots.
  4180 | D:5      | 4180 ||| UPGRADING to +1 pair of boots.
  4190 | D:5      | 4190 ||| DROPPING +0 pair of boots.
  4191 | D:5      | 4191 ||| READING scroll labelled VANNUQIRRAT.
  4292 | D:5      | 4292 ||| READING scroll labelled AXOAP MELIOV.
  4293 | D:5      | 4293 ||| READING scroll labelled EMOGI JEHEL.
  4294 | D:5      | 4294 ||| READING scroll labelled PUOGIA LEDICI.
  4294 | D:5      | Identified a scroll of acquirement
  4294 | D:5      | 4294 ||| ACQUIRING +2 pair of gloves of the Dropbear
                  | {Str+5}
  4294 | D:5      | Acquired the +2 pair of gloves of the Dropbear {Str+5}
  4296 | D:5      | 4296 ||| UPGRADING to +2 pair of gloves of the Dropbear
                  | {Str+5}.
  4306 | D:5      | 4306 ||| DROPPING +2 pair of gloves.
  4350 | D:6      | Reached skill level 3 in Dodging
  4366 | D:6      | Reached skill level 6 in Fighting
  4367 | D:6      | Noticed Menkaure
  4371 | D:6      | Killed Menkaure
  4407 | D:6      | Noticed Sigmund
  4410 | D:6      | 4410 ||| FLEEEEING.
  4420 | D:6      | Killed Sigmund
  4435 | D:6      | Reached skill level 10 in Ranged Weapons
  4483 | D:6      | 4483 ||| Stepping ~*~*~tactically~*~*~ (outnumbered).
  4485 | D:6      | 4485 ||| Stepping ~*~*~tactically~*~*~ (outnumbered).
  4537 | D:6      | Found a staircase to the Ecumenical Temple.
  4537 | D:6      | Noticed Eustachio
  4538 | D:6      | 4538 ||| PLANNING TEMPLE
  4551 | D:6      | 4551 ||| READING 3 scrolls of identify.
  4551 | D:6      | 4551 ||| IDENTIFYING emerald potion
  4571 | D:6      | Killed Eustachio
  4572 | D:6      | 4572 ||| READING 2 scrolls of identify.
  4572 | D:6      | 4572 ||| IDENTIFYING orange potion
  4573 | D:6      | 4573 ||| DROPPING potion of magic.
  4580 | Temple   | Entered the Ecumenical Temple
  4593 | Temple   | 4593 ||| PLANNING OKAWARU WORSHIP
  4641 | Temple   | Became a worshipper of Warmaster Okawaru
  4642 | Temple   | 4642 ||| PLANNING D:1-11
  4816 | D:6      | 4816 ||| Stepping ~*~*~tactically~*~*~ (outnumbered).
  4818 | D:6      | 4818 ||| Stepping ~*~*~tactically~*~*~ (outnumbered).
  5005 | D:6      | 5005 ||| UPGRADING to ring of resist corrosion.
  5007 | D:6      | 5007 ||| DRINKING 2 bubbling clear potions.
  5048 | D:6      | 5048 ||| DROPPING potion of lignification.
  5070 | D:7      | 5070 ||| Stepping ~*~*~tactically~*~*~ (outnumbered).
  5071 | D:7      | 5071 ||| Stepping ~*~*~tactically~*~*~ (outnumbered).
  5073 | D:7      | 5073 ||| STAIRDANCE
  5138 | D:7      | Reached skill level 11 in Ranged Weapons
  5190 | D:7      | 5190 ||| Stepping ~*~*~tactically~*~*~ (outnumbered).
  5195 | D:7      | 5195 ||| Stepping ~*~*~tactically~*~*~ (outnumbered).
  5197 | D:7      | 5197 ||| Stepping ~*~*~tactically~*~*~ (outnumbered).
  5206 | D:7      | Reached XP level 10. HP: 59/63 MP: 11/11
  5207 | D:7      | Reached * piety under Okawaru
  5215 | D:7      | Reached skill level 1 in Invocations
  5297 | D:7      | 5297 ||| SWAPPING to +0 orcbow.
  5298 | D:7      | 5298 ||| DROPPING +2 heavy sling.
  5408 | D:7      | 5408 ||| INVOKING Heroism.
  5874 | D:8      | 5874 ||| INVOKING Heroism.
  6076 | D:8      | Reached skill level 3 in Invocations
  6081 | D:8      | 6081 ||| INVOKING Heroism.
  6393 | D:8      | 6393 ||| READING 4 scrolls of identify.
  6393 | D:8      | 6393 ||| IDENTIFYING smoky puce potion
  6394 | D:8      | 6394 ||| READING 3 scrolls of identify.
  6394 | D:8      | 6394 ||| IDENTIFYING murky grey potion
  6395 | D:8      | 6395 ||| READING 2 scrolls of identify.
  6395 | D:8      | 6395 ||| IDENTIFYING sedimented purple potion
  6396 | D:8      | 6396 ||| DROPPING potion of berserk rage.
  6397 | D:8      | 6397 ||| DROPPING potion of invisibility.
  6433 | D:9      | Found a flagged portal.
  6456 | D:9      | 6456 ||| SWAPPING to +0 orcbow of freezing.
  6457 | D:9      | 6457 ||| DROPPING +0 orcbow.
  6551 | D:9      | Noticed a death yak
  6551 | D:9      | Noticed an elephant
  6552 | D:9      | 6552 ||| INVOKING Heroism.
  6569 | D:9      | 6569 ||| INVOKING Heroism.
  6575 | D:9      | Killed a death yak
  6586 | D:9      | Killed an elephant
  6586 | D:9      | Reached ** piety under Okawaru
  6587 | D:9      | Reached skill level 12 in Ranged Weapons
  6626 | D:9      | Found a staircase to the Lair.
  6715 | D:9      | 6715 ||| READING scroll of acquirement.
  6715 | D:9      | 6715 ||| ACQUIRING amulet "Loapt" {Acrobat rElec Will+}
  6715 | D:9      | Acquired the amulet "Loapt" {Acrobat rElec Will+}
  6717 | D:9      | 6717 ||| UPGRADING to amulet "Loapt" {Acrobat rElec Will+}.
  6970 | D:9      | 6970 ||| INVOKING Heroism.
  6980 | D:9      | Reached *** piety under Okawaru
  6981 | D:9      | Reached skill level 13 in Ranged Weapons
  6981 | D:9      | Reached XP level 11. HP: 48/68 MP: 12/14
  7287 | D:9      | Noticed a two-headed ogre
  7288 | D:9      | 7288 ||| INVOKING Heroism.
  7298 | D:9      | Killed a two-headed ogre
  7407 | D:9      | 7407 ||| PLANNING LAIR
  7407 | D:9      | 7407 ||| READING scroll labelled CAGGYR SEUHEW.
  7446 | Lair:1   | Entered Level 1 of the Lair of Beasts
  7462 | Lair:1   | 7462 ||| INVOKING Heroism.
  7470 | Lair:1   | Reached skill level 9 in Fighting
  7511 | Lair:1   | 7511 ||| INVOKING Heroism.
  7583 | Lair:1   | 7583 ||| INVOKING Heroism.
  7622 | Lair:1   | 7622 ||| FLEEEEING.
  7623 | Lair:1   | 7623 ||| FLEEEEING.
  7707 | Lair:1   | 7707 ||| INVOKING Heroism.
  7763 | Lair:1   | Reached **** piety under Okawaru
  7767 | Lair:1   | 7767 ||| INVOKING Heroism.
  7779 | Lair:1   | HP: 8/71 [cane toad (12)]
  7780 | Lair:1   | Reached skill level 14 in Ranged Weapons
  7780 | Lair:1   | 7780 ||| DRINKING potion of heal wounds.
  7786 | Lair:1   | HP: 15/71 [black mamba (8)]
  7788 | Lair:1   | HP: 7/71 [cane toad (9)]
  7791 | Lair:1   | 7791 ||| INVOKING Heroism.
  7791 | Lair:1   | Slain by a cane toad

Levels and vault maps discovered:
D:1:      eino_arrival_water_star, layout_basic, minmay_misc_feat_columns
D:2:      layout_rooms, minmay_fractal_squares_gapless_5
D:3:      layout_loops_ring, mainiacjoe_overflow_24_doors,
          ebering_ecumenical_altar_webs, chequers_serial_rivers_room_b,
          uniq_natasha
D:4:      cheibrodos_old_hovel, layout_gridville,
          chequers_temple_overflow_statue_of_worship,
          gammafunk_ghost_necromancy, dk_rats_in_the_wall
D:5:      layout_layer_cave, grunt_temple_overflow_gold_and_silver,
          marbit_many_paths, kennysheep_dice
D:6:      layout_cave_pools, minmay_temple_entry_mini_moons,
          hangedman_decor_clover_reticule, dreamdust_princess_corridor,
          uniq_eustachio, uniq_sigmund, uniq_menkaure
D:7:      layout_basic
D:8:      layout_loops_cross
D:9:      layout_loops_corners, david_lair_generic, enter_bailey_6
Temple:   eino_wide_crystal_templ
Lair:1:   layout_cave_shapes, nicolae_lair_liquid_snakes, serial_bayou_shore_b

Skill      XL: |  1  2  3  4  5  6  7  8  9 10 11 |
---------------+----------------------------------+-----
Ranged Weapons | 3 5 6 7 9 11 13 14 | 14.0
Fighting       | 2 3 4 5 7 8 9 |  9.3
Armour         | 3 |  3.2
Dodging        | 2 3 4 5 |  5.0
Invocations    | 4 |  4.2
Spellcasting   | |  1.0
Hexes          | |  2.6

Action                     |  1- 3 |  4- 6 |  7- 9 | 10-12 || total
---------------------------+-------+-------+-------+-------++-------
   Fire: Sling             |    61 |   183 |   370 |    19 ||   633
         Orcbow            |       |       |       |   363 ||   363
 Invoke: Heroism           |       |       |       |    13 ||    13
    Use: Scroll            |     2 |     8 |     6 |     5 ||    21
         Potion            |       |     1 |     2 |     1 ||     4
 Armour: Robe              |     4 |    52 |   104 |    90 ||   250
         Ring mail         |     8 |       |       |       ||     8
         Skin              |       |     1 |       |       ||     1
  Dodge: Dodged            |    15 |    75 |   150 |   237 ||   477

Table legend:
 A = Non-vault XP
 B = Vault XP
 C = Vault XP percentage of total XP
 D = Non-vault monster count
 E = Vault monster count
 F = Vault count percentage of total count
                 A         B        C        D         E       F
            +---------+---------+-------+---------+---------+-------
      Total |   12570 |    2567 |  17.0 |     200 |      17 |   7.8
            +---------+---------+-------+---------+---------+-------
        D:1 |      40 |       0 |   0.0 |      20 |       0 |   0.0
        D:2 |     126 |      22 |  14.9 |      14 |       5 |  26.3
        D:3 |      92 |      35 |  27.6 |      20 |       1 |   4.8
        D:4 |     393 |      40 |   9.2 |      15 |       1 |   6.2
        D:5 |    1507 |     247 |  14.1 |      22 |       3 |  12.0
        D:6 |     938 |     600 |  39.0 |      25 |       3 |  10.7
        D:7 |    1316 |       0 |   0.0 |      27 |       0 |   0.0
        D:8 |     740 |       0 |   0.0 |      20 |       0 |   0.0
        D:9 |    2406 |    1623 |  40.3 |      18 |       4 |  18.2
     Lair:1 |    5012 |       0 |   0.0 |      19 |       0 |   0.0
            +---------+---------+-------+---------+---------+-------
